[Event "*** Titled Tuesday Blitz"]
[Site "Chess.com"]
[Date "2020.05.12"]
[Round "3"]
[White "krstulov_alex"]
[Black "CroissantNeuf"]
[Result "1-0"]
[WhiteElo "2551"]
[BlackElo "2354"]
[TimeControl "180+1"]
[EndTime "10:27:39 PDT"]
[Termination "krstulov_alex won by resignation"]

1. d4 Nf6 2. c4 e6 3. Nf3 c5 4. d5 d6 5. Nc3 exd5 6. cxd5 g6 7.
Nd2 Bg7 8. e4 O-O 9. Be2 Re8 10.
O-O Nbd7 11. a4 a6 12. f4 c4 13. Kh1 Nc5 14. e5 dxe5 15. fxe5 Rxe5 16. Nxc4 Re8 17.
Bf4 Nfe4 18. Nxe4 Nxe4 19. a5 g5 20. Be3 Bd7 21. Bh5 Rf8 22. Qf3 f5 23. Nb6 g4 24.
Bxg4 fxg4 25. Qxe4 Rxf1+ 26. Rxf1 Bb5 27. Qe6+ Kh8 28. Rf7 Rb8 29. Rxg7 Kxg7 30. Bd4+ Kf8 31. Qh6+ Ke8 32. Qh5+ Kf8 33. Qf5+ Ke8 34. Bc5 1-0

[Event "*** Titled Tuesday Blitz"]
[Site "Chess.com"]
[Date "2020.05.12"]
[Round "3"]
[White "djano"]
[Black "pouya21"]
[Result "1/2-1/2"]
[WhiteElo "2440"]
[BlackElo "2764"]
[TimeControl "180+1"]
[EndTime "10:27:41 PDT"]
[Termination "Game drawn by agreement"]

1. d4 f5 2. Qd3 e6 3. h3 c5 4. c3 Nf6 5. g4 d5 6. Bf4 Nc6 7. Bg2 cxd4 8. cxd4 Qb6 9. Nc3 Bb4 10.
gxf5 exf5 11. e3 Ne4 12. Ne2 O-O 13. O-O Be6 14. f3 Nxc3 15. bxc3 Be7 16. Rfb1 Qa6 17. Qxa6 bxa6 18. Nc1 Na5 19. Nd3 Rac8 20. Nc5 Bxc5 21.
dxc5 Rf7 22. Rb8 Rxb8 23. Bxb8 Rb7 24. Bd6 Nc4 25. e4 Rb2 26. Re1 Kf7 27. exf5 Bxf5 28. f4 Be4 29. Bxe4 dxe4 30. Rxe4 Nxd6 31. cxd6 Rxa2 32. Rd4 Ke8 33. c4 Kd7 34. c5 Rc2 35. Ra4 Rxc5 36. Rxa6 g5 37. fxg5 Rxg5+ 38. Kh2 h5 1/2-1/2

[Event "*** Titled Tuesday Blitz"]
[Site "Chess.com"]
[Date "2020.05.12"]
[Round "3"]
[White "DenishevM"]
[Black "Ginzburg_Yakov"]
[Result "1-0"]
[WhiteElo "2584"]
[BlackElo "2387"]
[TimeControl "180+1"]
[EndTime "10:27:41 PDT"]
[Termination "DenishevM won by checkmate"]

1. Nf3 Nf6 2. c4 c6 3. d4 d5 4. Nc3 dxc4 5. a4 Bf5 6. Ne5 e6 7. f3 Bb4 8. Nxc4 Nd5 9. Bd2 Nb6 10. e4 Nxc4 11. Bxc4 Qxd4 12. Qb3 Bc5 13. exf5 Qf2+ 14. Kd1 Qxg2 15. Kc2 O-O 16. fxe6 fxe6 17. Qxb7 Nd7 18. Qxd7 Rad8 19. Qxe6+ Kh8 20. Rad1 Rxd2+ 21. Rxd2 Qxh1 22.
Ne4 Qg1 23. Nxc5 Qxc5 24. b3 h6 25. Kb2 Qg5 26. Qd6 Qf5 27. Qxc6 Qe5+ 28. Ka2 Qc3 29. Qd5 Rxf3 30. Qg8# 1-0

[Event "*** Titled Tuesday Blitz"]
[Site "Chess.com"]
[Date "2020.05.12"]
[Round "3"]
[White "ADODOVE"]
[Black "Shuvalov"]
[Result "0-1"]
[WhiteElo "2010"]
[BlackElo "2466"]
[TimeControl "180+1"]
[EndTime "10:27:41 PDT"]
[Termination "Shuvalov won on time"]

1. e4 e6 2. d4 d5 3. Nd2 Nf6 4. e5 Nfd7 5. c3 c5 6. Bd3 Nc6 7. Ne2 cxd4 8. cxd4 f6 9. exf6 Nxf6 10. O-O Bd6 11. Nf3 Qc7 12. Bg5 O-O 13. Bh4 Nh5 14. Rc1 a6 15. Qc2 h6 16. Bg3 Nxg3 17. Nxg3 Qf7 18.
Bh7+ Kh8 19. Nh4 Ne7 20. Bg6 Qf6 21. Nf3 Nxg6 22. Rfe1 Nf4 23. Ne5 Bxe5 24. Rxe5 Bd7 25. Rce1 Rac8 26. Qd2 Rc4 27. h3 Rfc8 28. Nf1 Rc2 29.
Qe3 Rxb2 30. Qg3 Rcc2 31. Ne3 Rxf2 32. Ng4 Rxg2+ 33. Qxg2 Rxg2+ 0-1

[Event "*** Titled Tuesday Blitz"]
[Site "Chess.com"]
[Date "2020.05.12"]
[Round "3"]
[White "warmoatmeal"]
[Black "CrushingKings"]
[Result "0-1"]
[WhiteElo "2215"]
[BlackElo "2462"]
[TimeControl "180+1"]
[EndTime "10:27:41 PDT"]
[Termination "CrushingKings won by resignation"]

1. Nf3 Nf6 2. b3 g6 3. Bb2 Bg7 4. g3 O-O 5. Bg2 d6 6. d4 Nbd7 7. O-O c5 8. dxc5 Nxc5 9. c4 Rb8 10. Nc3 a6 11. Nd5 Nxd5 12. Bxg7 Ne3 13. fxe3 Kxg7 14. Qd4+ Kg8 15. Rad1 Qa5 16. Qb2 b5 17. Nd4 Bd7 18.
cxb5 axb5 19. b4 Na4 20. bxa5 Nxb2 21. Rb1 Nc4 22. a6 Nxe3 23. a7 Rbc8 24. Rfc1 Nxg2 25. Kxg2 e5 26. Rxc8 Rxc8 27. Nxb5 Ra8 28. Nxd6 Rxa7 29. Rb2 Be6 30. Ne4 Bd5 31. Rc2 Bxe4+ 0-1

[Event "*** Titled Tuesday Blitz"]
[Site "Chess.com"]
[Date "2020.05.12"]
[Round "3"]
[White "SlovenskiZmaj"]
[Black "chenxiaoyuer"]
[Result "1-0"]
[WhiteElo "2507"]
[BlackElo "2236"]
[TimeControl "180+1"]
[EndTime "10:27:42 PDT"]
[Termination "SlovenskiZmaj won by checkmate"]

1. d4 Nf6 2. Bg5 d5 3. Bxf6 exf6 4. e3 Bd6 5. g3 O-O 6. Bg2 c6 7. Ne2 f5 8. O-O Nd7 9. c4 dxc4 10. Qc2 Nf6 11. Nd2 Be6 12. Nxc4 Bc7 13. a4 a5 14. Rab1 Nd5 15. b3 Nb4 16. Qd2 Bd5 17. Nc3 Bxg2 18. Kxg2 Qd7 19. Rbd1 Nd5 20. Nxd5 Qxd5+ 21. Kg1 Rfe8 22.
Qc2 Re6 23. Nb2 Rae8 24. Nd3 g5 25. Qc4 Rd8 26. Nc5 Rh6 27. Qxd5 Rxd5 28. Nxb7 Bb6 29. Rc1 Kf8 30. Rc4 Ke7 31. Rfc1 Kd7 32. Nc5+ Bxc5 33. Rxc5 Rhd6 34. Kf1 g4 35. Ke2 Rxc5 36. Rxc5 Rd5 37. Rxd5+ cxd5 38. Kd3 Kc6 39. Kc3 h6 40. b4 Kb6 41.
bxa5+ Kxa5 42. Kb3 f6 43. Ka3 h5 44. Kb3 f4 45.
exf4 f5 46. Ka3 Ka6 47. Kb4 Kb6 48. a5+ Ka6 49. Ka4 Ka7 50. Kb5 Kb7 51. a6+ Ka7 52. Ka5 Ka8 53. Kb6 Kb8 54. Kc6 Ka7 55. Kxd5 Kxa6 56. Kc6 Ka5 57. d5 Kb4 58. d6 Kc3 59. d7 Kd2 60. d8=Q+ Ke2 61. Qh4 Kxf2 62. Qxh5 Kg2 63.
Kd5 Kh1 64. Ke5 Kg2 65. Kxf5 Kh1 66. Kxg4 Kg2 67. h4 Kh1 68. Qb5 Kg2 69. Qb2+ Kh1 70. Kh3 Kg1 71. Qg2# 1-0

[Event "*** Titled Tuesday Blitz"]
[Site "Chess.com"]
[Date "2020.05.12"]
[Round "3"]
[White "Redbandit87"]
[Black "Rhinos1"]
[Result "0-1"]
[WhiteElo "2368"]
[BlackElo "2182"]
[TimeControl "180+1"]
[EndTime "10:27:42 PDT"]
[Termination "Rhinos1 won by checkmate"]

1. d4 d5 2. Bf4 c6 3. e3 Nf6 4.
c4 e6 5. Nc3 Bd6 6. Bg3 O-O 7.
Nf3 Qc7 8. c5 Bxg3 9. hxg3 Nbd7 10. Bd3 e5 11. Be2 e4 12. Nd2 Re8 13. Qc2 Nf8 14.
O-O-O b6 15. Na4 b5 16. Nc3 a5 17. Kb1 a4 18. Bxb5 cxb5 19. Nxb5 Qa5 20. Nd6 Re7 21. Nxc8 Rxc8 22. Ka1 Ng4 23. Nb1 Rb7 24. Nc3 a3 25. Nxd5 Rxb2 26. Qc4 Rc7 27. Nxc7 Qxc7 28. d5 Nxf2 29.
d6 Qb8 30. c6 Nxd1 31. Rxd1 Rxg2 32. d7 Qb2# 0-1

[Event "*** Titled Tuesday Blitz"]
[Site "Chess.com"]
[Date "2020.05.12"]
[Round "3"]
[White "RestartingChess"]
[Black "Nastya_Rakhmangulova"]
[Result "1-0"]
[WhiteElo "2515"]
[BlackElo "2279"]
[TimeControl "180+1"]
[EndTime "10:27:43 PDT"]
[Termination "RestartingChess won on time"]

1. e4 d5 2. exd5 Qxd5 3. Nc3 Qd6 4. Nf3 Nf6 5. g3 Bg4 6. Bg2 Nc6 7. O-O a6 8. d3 O-O-O 9. Bf4 e5 10. Bg5 Be7 11. Qe1 Bxf3 12. Bxf3 Nd4 13. Qd1 h6 14. Be3 Nxf3+ 15. Qxf3 Qe6 16. b4 Bxb4 17. Ne4 Nd5 18. Rab1 f5 19. Nc5 Bxc5 20. Bxc5 e4 21. dxe4 fxe4 22. Qb3 Qc6 23. Bd4 h5 24. h4 Rhg8 25. Rfe1 Nf6 26. Be3 Nd5 27. Bg5 Rde8 28. Rbd1 Nf6 29.
Rd4 Ng4 30. Rc4 Qe6 31. Rcxe4 Qxb3 32. Rxe8+ Rxe8 33. Rxe8+ Kd7 34. Rd8+ 1-0

[Event "*** Titled Tuesday Blitz"]
[Site "Chess.com"]
[Date "2020.05.12"]
[Round "3"]
[White "Azerichess"]
[Black "theblitzchamp"]
[Result "1-0"]
[WhiteElo "3044"]
[BlackElo "2672"]
[TimeControl "180+1"]
[EndTime "10:27:45 PDT"]
[Termination "Azerichess won on time"]

1. d4 Nf6 2. c4 g6 3. Bg5 Bg7 4. Nc3 d6 5. Nf3 O-O 6. Qd2 Nbd7 7. O-O-O e5 8. dxe5 dxe5 9. Nxe5 Re8 10. Bxf6 Qxf6 11. Nxd7 Bxd7 12. Qxd7 Rad8 13. Qxc7 Rxd1+ 14. Nxd1 Rd8 15. e3 Bf8 16. Be2 Bb4 17. Qxb7 a5 18. a3 Bd6 19. Qe4 Rb8 20. Kc2 Be5 21. b3 Bd6 22.
Qf3 Qe5 23. Nc3 Bxa3 24. Qf4 Qe8 25. Rd1 a4 26. bxa4 Rb2+ 27. Kd3 1-0

[Event "*** Titled Tuesday Blitz"]
[Site "Chess.com"]
[Date "2020.05.12"]
[Round "3"]
[White "TregubovP"]
[Black "vladimir_petrov"]
[Result "1-0"]
[WhiteElo "2523"]
[BlackElo "2298"]
[TimeControl "180+1"]
[EndTime "10:27:45 PDT"]
[Termination "TregubovP won on time"]

1. e4 c5 2. Nf3 d6 3. c3 Nf6 4.
Be2 e6 5. O-O Be7 6. Re1 O-O 7.
Bf1 b6 8. d4 Bb7 9. Bd3 Nc6 10.
Bg5 cxd4 11. cxd4 Nb4 12. Nc3 Nxd3 13. Qxd3 a6 14. a4 Rc8 15. Rac1 Qd7 16. h3 Nh5 17.
Bxe7 Qxe7 18. Qe3 Qf6 19. Ne2 Qg6 20. Nd2 f5 21. f3 f4 22. Qb3 Rxc1 23. Rxc1 Bc8 24.
Nc4 Kh8 25. Nxb6 Bb7 26. Nd7 Rg8 27. Qxb7 Ng3 28. Qxa6 h5 29. Nxf4 Qf7 30. Qxd6 1-0

[Event "*** Titled Tuesday Blitz"]
[Site "Chess.com"]
[Date "2020.05.12"]
[Round "3"]
[White "konradrutkowski"]
[Black "IMAghasiyevKamal"]
[Result "0-1"]
[WhiteElo "2255"]
[BlackElo "2510"]
[TimeControl "180+1"]
[EndTime "10:27:45 PDT"]
[Termination "IMAghasiyevKamal won on time"]

1. e4 e5 2. Nf3 Nc6 3. Bb5 a6 4.
Ba4 Nf6 5. d3 b5 6. Bb3 Be7 7.
O-O d6 8. c3 O-O 9. a4 Bd7 10.
Nbd2 Na5 11. Bc2 c5 12. Re1 Qc7 13. Nf1 b4 14. Ne3 Rab8 15. d4 bxc3 16. bxc3 cxd4 17. cxd4 Rfc8 18. Ba3 Bf8 19. Bd3 Nb3 20. Bxa6 Rd8 21. Ra2 exd4 22. Nxd4 Nxd4 23. Qxd4 Qa5 24. Bc4 Qxe1+ 25.
Bf1 Be6 26. Re2 Qb1 27. f4 Qxe4 28. Qa7 Qxf4 29. Rf2 Qe5 30. Bc1 d5 31. Nc2 Ne4 32. Bf4 Qc3 33. Be3 Bc5 34. Bxc5 Qxc5 0-1

[Event "*** Titled Tuesday Blitz"]
[Site "Chess.com"]
[Date "2020.05.12"]
[Round "3"]
[White "allvim"]
[Black "OMGCovid-19"]
[Result "1-0"]
[WhiteElo "2281"]
[BlackElo "1910"]
[TimeControl "180+1"]
[EndTime "10:27:45 PDT"]
[Termination "allvim won on time"]

1. e4 e6 2. d4 d5 3. Nd2 Nf6 4. e5 Nfd7 5. Bd3 c5 6. c3 Nc6 7.
Ne2 cxd4 8. cxd4 f6 9. exf6 Nxf6 10. Nf3 Bd6 11. O-O Qc7 12. g3 O-O 13. Bf4 Bd7 14. Rc1 Rae8 15. Bxd6 Qxd6 16. Nc3 a6 17. Re1 Kh8 18.
Na4 e5 19. dxe5 Nxe5 20. Nxe5 Bxa4 21. Qxa4 Rxe5 22. Rxe5 Qxe5 23. Qb4 Re8 24. Qxb7 Ng4 25. Qb4 Nxf2 26. Qc3 Qe3 27. Bf1 Nh3+ 28. Kg2 Qxc3 29. Rxc3 Ng5 30. Rd3 1-0

[Event "*** Titled Tuesday Blitz"]
[Site "Chess.com"]
[Date "2020.05.12"]
[Round "3"]
[White "FelixBlohberger"]
[Black "TigrVShlyape"]
[Result "1/2-1/2"]
[WhiteElo "2628"]
[BlackElo "2827"]
[TimeControl "180+1"]
[EndTime "10:27:46 PDT"]
[Termination "Game drawn by agreement"]

1. e4 c5 2. Nf3 e6 3. d4 cxd4 4.
Nxd4 a6 5. c4 b6 6. Nc3 Bb7 7.
Be3 Qc7 8. Qd3 Nf6 9. f4 d6 10. Be2 Nbd7 11. b4 a5 12. Ndb5 Qb8 13. bxa5 Rxa5 14.
Rd1 Be7 15. Nxd6+ Bxd6 16. Qxd6 Qxd6 17. Rxd6 Nxe4 18. Nxe4 Bxe4 19. Kf2 Rxa2 20. Rhd1 Nf6 21. Rd8+ Ke7 22. Bxb6 Rxd8 23. Bxd8+ Ke8 24. Bxf6 gxf6 25.
g3 f5 26. Ke3 Ke7 27. Rd2 Ra3+ 28. Kf2 Rc3 29. Ra2 Kf6 30. Ke1 Rc1+ 31. Kf2 Rh1 32. h4 Rh2+ 33. Ke1 1/2-1/2

[Event "*** Titled Tuesday Blitz"]
[Site "Chess.com"]
[Date "2020.05.12"]
[Round "3"]
[White "LyonBeast"]
[Black "jacky72"]
[Result "1-0"]
[WhiteElo "2906"]
[BlackElo "2650"]
[TimeControl "180+1"]
[EndTime "10:27:48 PDT"]
[Termination "LyonBeast won by resignation"]

1. e4 e5 2. Nf3 Nc6 3. Be2 Nf6 4. Nc3 d5 5. exd5 Nxd5 6. O-O Nxc3 7. dxc3 Qxd1 8.
Rxd1 a6 9. Be3 Be7 10. b4 Bf5 11. Rd2 O-O 12. a4 f6 13. Bc4+ Kh8 14. Nh4 Be4 15. f3 f5 16. Bf2 g5 17. fxe4 gxh4 18. exf5 Rxf5 19. Re1 Bg5 20. Rde2 Rd8 21. Bd3 Rf7 22. b5 axb5 23. axb5 Na5 24. Rxe5 Bf6 25. Re8+ Rxe8 26. Rxe8+ Kg7 27. c4 b6 28. Re4 Be7 29. Bd4+ Kf8 30. Re2 Bf6 31. Bxf6 Rxf6 32. Re4 Rh6 33. Kf2 Kf7 34.
Ke3 h3 35. g3 Rh5 36. Be2 Rh6 37. g4 Nb7 38. g5 Re6 39. Bh5+ Ke7 40. Bg4 Rxe4+ 41.
Kxe4 Kd6 42. Bxh3 Kc5 43. Bf5 Nd6+ 44. Kf4 Kxc4 45. Bxh7 Kxb5 46. Bd3+ Kc5 47. h4 Ne8 48. h5 Kd6 49. h6 Ke7 50. h7 Nd6 51. h8=Q Nf7 52. Qf6+ 1-0

[Event "*** Titled Tuesday Blitz"]
[Site "Chess.com"]
[Date "2020.05.12"]
[Round "3"]
[White "Gromes7"]
[Black "diskeleven"]
[Result "0-1"]
[WhiteElo "2113"]
[BlackElo "2343"]
[TimeControl "180+1"]
[EndTime "10:27:48 PDT"]
[Termination "diskeleven won by resignation"]

1. d4 Nf6 2. g3 c5 3. Nf3 cxd4 4. Qxd4 Nc6 5. Qf4 e5 6. Qd2 d5 7. Bg2 Ne4 8. Qd1 Qa5+ 9. c3 Bc5 10. O-O Qb6 11.
Nbd2 Nxf2 12. Rxf2 Bxf2+ 13. Kf1 h5 14. Nb3 h4 15.
Nxh4 Rxh4 16. gxh4 Bxh4 17. e3 Be6 18. Qh5 Be7 19.
e4 dxe4 20. Bxe4 Bc4+ 21. Kg2 O-O-O 22. Nd2 Be6 23. Nf3 g6 24. Qh6 f5 25. Bc2 Bd5 26.
Qe3 Qa6 27. Bd3 Bxf3+ 0-1

[Event "*** Titled Tuesday Blitz"]
[Site "Chess.com"]
[Date "2020.05.12"]
[Round "3"]
[White "Thee-Chessboy"]
[Black "Norival"]
[Result "0-1"]
[WhiteElo "2404"]
[BlackElo "2653"]
[TimeControl "180+1"]
[EndTime "10:27:49 PDT"]
[Termination "Norival won by resignation"]

1. d4 d5 2. c4 c6 3. Nf3 Nf6 4.
e3 Bf5 5. Nc3 e6 6. Bd3 Bg6 7.
O-O Nbd7 8. b3 Be7 9. Qc2 O-O 10. Bb2 a5 11. e4 dxe4 12. Nxe4 a4 13. Rfd1 Re8 14.
Ne5 Qc7 15. Nxg6 hxg6 16. Nxf6+ Bxf6 17. Bc3 Qb6 18. c5 Qa7 19. b4 b5 20. Be4 Qc7 21.
g3 Rad8 22. Rd2 Be7 23. Rad1 Nf6 24. Bf3 Rd7 25. h4 Red8 26. a3 Nd5 27. Bb2 Bf6 28. Kg2 Ne7 29. Be4 Nf5 30. Bxf5 gxf5 31. Bc3 Rd5 32.
h5 f4 33. g4 f3+ 34. Kxf3 Bg5 35. Rd3 Qf4+ 36. Kg2 Qxg4+ 37. Kf1 Qxh5 38. Rg3 Bf4 39. Rg2 Bh6 40. Rd3 Kf8 41. Rdg3 g6 0-1

[Event "*** Titled Tuesday Blitz"]
[Site "Chess.com"]
[Date "2020.05.12"]
[Round "3"]
[White "A-Fier"]
[Black "witcher8"]
[Result "1-0"]
[WhiteElo "2762"]
[BlackElo "2429"]
[TimeControl "180+1"]
[EndTime "10:27:50 PDT"]
[Termination "A-Fier won on time"]

1. d4 Nf6 2. Bg5 Ne4 3. h4 c5 4. dxc5 d5 5. cxd6 Qb6 6. e3 Qxb2 7. Nd2 Nxd2 8. Kxd2 f6 9. Bf4 e5 10. Bg3 Bxd6 11.
Bd3 Nc6 12. Ke2 Bg4+ 13. f3 Be6 14. Nh3 Nb4 15. Nf2 Bxa2 16. Ne4 Be7 17. Bb5+ Kf7 18. Qc1 Qxc1 19. Rhxc1 a6 20. Ba4 Be6 21. Be1 b5 22. Bb3 Nd5 23. c4 bxc4 24. Bxc4 Rhc8 25. Bd2 Rc6 26. Bd3 Rac8 27. Rxc6 Rxc6 28. Bxa6 Nb4 29.
Bb5 Rc2 30. Kd1 Rb2 31. Ra7 h6 32. Nd6+ Kg6 33. Rxe7 Bb3+ 34. Ke1 Nc2+ 35. Kf2 Na3 36. Bd3+ 1-0

[Event "*** Titled Tuesday Blitz"]
[Site "Chess.com"]
[Date "2020.05.12"]
[Round "3"]
[White "stolencandy13"]
[Black "Ave_Mariia"]
[Result "1-0"]
[WhiteElo "2510"]
[BlackElo "2244"]
[TimeControl "180+1"]
[EndTime "10:27:50 PDT"]
[Termination "stolencandy13 won by resignation"]

1. e4 c5 2. Nf3 d6 3. d4 cxd4 4. Nxd4 Nf6 5. Nc3 g6 6. Be3 Bg7 7. f3 O-O 8. Qd2 Nc6 9. O-O-O d5 10.
Qe1 e5 11. Nxc6 bxc6 12. exd5 Nxd5 13. Bc4 Be6 14. Ne4 Qc7 15. Bc5 Rfd8 16. Qh4 Nf4 17.
Ng5 h6 18. Nxe6 Nxe6 19. Bxe6 fxe6 20. Be3 Qa5 21. Kb1 Rab8 22. Bxh6 e4 23. Bxg7 Kxg7 24. Qxe4 Rd5 25. b3 Rbd8 26. Rxd5 Rxd5 27. Qxe6 Qc3 28. Qe7+ Kh6 29. Re1 Rd2 30. Qf8+ Kh5 31. g4+ Kg5 32. Qe7+ Kh6 33. g5+ Kh5 34. Qh7+ Kxg5 35. Rg1+ Kf4 36. Qh6+ Ke5 37. Qg7+ 1-0

[Event "*** Titled Tuesday Blitz"]
[Site "Chess.com"]
[Date "2020.05.12"]
[Round "3"]
[White "Chessmatus"]
[Black "today_good_day"]
[Result "1-0"]
[WhiteElo "2470"]
[BlackElo "2098"]
[TimeControl "180+1"]
[EndTime "10:27:50 PDT"]
[Termination "Chessmatus won on time"]

1. e4 c5 2. Nf3 d6 3. d4 cxd4 4. Nxd4 Nf6 5. Nc3 Nc6 6. Bg5 e6 7. Qd2 Bd7 8. O-O-O a6 9. f4 b5 10.
Nf3 b4 11. Bxf6 gxf6 12. Ne2 Qb6 13. Kb1 h5 14. g3 a5 15. Ned4 Rc8 16. Bh3 a4 17. Rhe1 Nxd4 18. Nxd4 b3 19. axb3 axb3 20. Nxb3 Ra8 21. Re3 Qa7 22. Qc3 Be7 23. f5 e5 24. Bf1 h4 25. g4 Rg8 26. h3 Rc8 27.
Qe1 Ba4 28. Rc3 Ra8 29. Kc1 Bxb3 30. Rxb3 1-0

[Event "*** Titled Tuesday Blitz"]
[Site "Chess.com"]
[Date "2020.05.12"]
[Round "3"]
[White "tteshan"]
[Black "chess94cu"]
[Result "0-1"]
[WhiteElo "2215"]
[BlackElo "2459"]
[TimeControl "180+1"]
[EndTime "10:27:51 PDT"]
[Termination "chess94cu won by resignation"]

1. e4 e5 2. Nf3 Nc6 3. Bb5 a6 4. Ba4 Nf6 5. O-O Be7 6. Re1 b5 7. Bb3 d6 8. c3 O-O 9. d3 Na5 10. Bc2 c5 11. h3 Re8 12. Bg5 h6 13. Be3 Bf8 14. Nbd2 Nc6 15. Nf1 d5 16. exd5 Nxd5 17. a4 b4 18. Bd2 Bb7 19. Ne3 Nxe3 20. Rxe3 Qd7 21. Qe1 Bd6 22. Bc1 Rad8 23. Nd2 Qf5 24. Nc4 Bc7 25. Re2 Qh5 26. Be3 bxc3 27. bxc3 Nb8 28.
Bxc5 Qg6 29. f3 Bxf3 30. Rf2 Bc6 31. d4 Qg5 32. Nxe5 Bxe5 33. dxe5 Rxe5 34. Qf1 Rxc5 35. Rxf7 Qxg2+ 36. Qxg2 Bxg2 37. Rf2 Bc6 38. Bb3+ Kh8 39. Rc1 Nd7 40. Rd2 Rb8 41. Be6 Nf6 42. Rd6 Ne4 43.
Rd4 Nxc3 44. Rd3 Ne2+ 0-1

[Event "*** Titled Tuesday Blitz"]
[Site "Chess.com"]
[Date "2020.05.12"]
[Round "3"]
[White "LivajaM"]
[Black "Shankovskyi"]
[Result "1-0"]
[WhiteElo "2271"]
[BlackElo "2569"]
[TimeControl "180+1"]
[EndTime "10:27:52 PDT"]
[Termination "LivajaM won by resignation"]

1. d4 e6 2. c4 d5 3. Nc3 f5 4.
g3 c6 5. Qd3 Nf6 6. Nh3 Bd6 7.
Bf4 O-O 8. Bg2 b6 9. Bxd6 Qxd6 10. cxd5 exd5 11. O-O Ne4 12. Rfe1 Ba6 13. Qc2 Nd7 14. Nf4 Ndf6 15. Rad1 Nxc3 16. Qxc3 Ne4 17. Qc2 Rac8 18. Qa4 Bb5 19. Qc2 g5 20. Nd3 Bxd3 21.
exd3 Nf6 22. Re5 Ng4 23. Re2 Rfe8 24. Rde1 Kf7 25. Bh3 h5 26. Qd2 Qf6 27. Bxg4 hxg4 28. Re5 c5 29. Qe3 Rxe5 30. dxe5 Qe7 31. e6+ Kg6 32. Qe5 Rd8 33. Kg2 a5 34. a3 a4 35.
Re2 d4 36. Kg1 Rh8 37. Qxh8 1-0

[Event "*** Titled Tuesday Blitz"]
[Site "Chess.com"]
[Date "2020.05.12"]
[Round "3"]
[White "canary2016"]
[Black "javirec"]
[Result "0-1"]
[WhiteElo "1912"]
[BlackElo "2287"]
[TimeControl "180+1"]
[EndTime "10:27:52 PDT"]
[Termination "javirec won by checkmate"]

1. Nf3 Nf6 2. g3 g6 3. Bg2 Bg7 4. O-O O-O 5. d4 d6 6. c4 Nbd7 7. Nc3 e5 8. e4 exd4 9. Nxd4 Nc5 10. Re1 a5 11. Be3 Re8 12. Qc2 c6 13. Rad1 Qc7 14. Bf4 Nh5 15. Be3 Nf6 16. Bf4 Nfd7 17. Nde2 Ne5 18.
Nd4 Nxc4 19. b3 Ne5 20. Nf3 Bg4 21. Bxe5 dxe5 22. h3 Bxf3 23. Bxf3 Ne6 24. Rc1 Nd4 25. Qd3 Rad8 26. Nd5 Qd6 27. Nc3 Qf6 28. Bg4 Nxb3 29. Qc4 Nxc1 30. Rxc1 h5 31. Be2 Rd2 32. Na4 b5 33.
Qxc6 Qxc6 34. Rxc6 Rxe2 35. Nc5 Rc2 36. Rc7 Bf8 37.
Ne6 Rxc7 38. Nxc7 Rb8 39. Nd5 b4 40. Kf1 a4 41. Ke2 b3 42. axb3 axb3 43. Kd2 b2 44. Nf6+ Kg7 45. Nd7 b1=Q 46. Nxe5 Rb2+ 47. Ke3 Qe1+ 48. Kf4 Rxf2+ 49. Kg5 Be7# 0-1

[Event "*** Titled Tuesday Blitz"]
[Site "Chess.com"]
[Date "2020.05.12"]
[Round "3"]
[White "Durarbayli"]
[Black "TheCount"]
[Result "1-0"]
[WhiteElo "2803"]
[BlackElo "2600"]
[TimeControl "180+1"]
[EndTime "10:27:53 PDT"]
[Termination "Durarbayli won on time"]

1. e4 e5 2. Nf3 Nc6 3. Bb5 a6 4.
Ba4 Nf6 5. O-O Be7 6. Re1 b5 7. Bb3 d6 8. c3 O-O 9. h3 Bb7 10. d3 h6 11. Be3 Na5 12. Bc2 c5 13. Nbd2 Re8 14. d4 Qc7 15. d5 c4 16. Nf1 Bc8 17.
b4 cxb3 18. axb3 Nb7 19. Qd2 Nc5 20. Ng3 a5 21. b4 Ncd7 22. Bd3 Bb7 23. Bxb5 Rec8 24.
Rec1 axb4 25. Rxa8 Rxa8 26. cxb4 Qb8 27. Bc6 Nf8 28. b5 Ng6 29. b6 Ra3 30. Kh2 Kh7 31.
Bxb7 Qxb7 32. Rc7 Qb8 33. Qc2 Rxe3 34. fxe3 Qxb6 35. Nf5 Bf8 36. Rxf7 1-0

[Event "*** Titled Tuesday Blitz"]
[Site "Chess.com"]
[Date "2020.05.12"]
[Round "3"]
[White "ASVZ"]
[Black "michaelk123"]
[Result "1-0"]
[WhiteElo "2368"]
[BlackElo "2521"]
[TimeControl "180+1"]
[EndTime "10:27:54 PDT"]
[Termination "ASVZ won by resignation"]

1. e4 c6 2. d4 d5 3. e5 Bf5 4. Nf3 e6 5. Be2 c5 6. dxc5 Bxc5 7. a3 Nc6 8. b4 Bb6 9. Nbd2 Nge7 10. O-O O-O 11. c4 dxc4 12. Nxc4 Qd5 13. Be3 Bc7 14. Nd6 Nxe5 15. Nxf5 Nxf5 16. Qxd5 exd5 17. Nxe5 Bxe5 18.
Rad1 d4 19. Bc1 Rad8 20. Bd3 Nd6 21. Bb2 g6 22. f4 Bf6 23. Kf2 Rfe8 24. Rfe1 h5 25.
Kf3 Kg7 26. g3 b6 27. h3 a5 28. g4 hxg4+ 29. hxg4 axb4 30. g5 Be7 31. Bxd4+ f6 32. Rxe7+ Rxe7 33. gxf6+ Kf7 34. fxe7 Kxe7 35. Bxb6 Rb8 36.
Bc7 Rf8 37. Bxd6+ Kxd6 38. Bxg6+ Kc5 39. axb4+ Kxb4 40. Rc1 Kb3 41. f5 Kb2 42. Rc7 1-0

[Event "*** Titled Tuesday Blitz"]
[Site "Chess.com"]
[Date "2020.05.12"]
[Round "3"]
[White "DDTerziev04"]
[Black "Moon_stone123"]
[Result "0-1"]
[WhiteElo "2282"]
[BlackElo "2516"]
[TimeControl "180+1"]
[EndTime "10:27:54 PDT"]
[Termination "Moon_stone123 won on time"]

1. e4 c6 2. d4 d5 3. exd5 cxd5 4. Bd3 Nc6 5. c3 Nf6 6. Bf4 g6 7. Nd2 Bg7 8. Ngf3 O-O 9. h3 a6 10. a4 Bf5 11. Bxf5 gxf5 12. g4 Qd7 13. Rg1 Kh8 14.
Ne5 Qe6 15. Nf3 Ne4 16. Qe2 Rac8 17. Kf1 fxg4 18. Rxg4 Rg8 19. Rh4 Nxe5 20. Nxe5 Bxe5 21. dxe5 Qf5 22. Qe3 e6 23. Ke2 Rg2 24. Rf1 Rcg8 25.
Qf3 Nc5 26. Kd2 Nd7 27. Kc1 Rg1 28. Qd1 Rxf1 29. Qxf1 Nxe5 30. Qe2 Nd3+ 31. Kd2 Nxf4 32. Qf3 e5 0-1

[Event "*** Titled Tuesday Blitz"]
[Site "Chess.com"]
[Date "2020.05.12"]
[Round "3"]
[White "dolynachess"]
[Black "lamomiablanca"]
[Result "0-1"]
[WhiteElo "2370"]
[BlackElo "2184"]
[TimeControl "180+1"]
[EndTime "10:27:54 PDT"]
[Termination "lamomiablanca won on time"]

1. d4 Nf6 2. c4 d6 3. Nf3 Nbd7 4.
Nc3 g6 5. e4 e5 6. d5 Nc5 7.
Qc2 a5 8. Be3 b6 9. h3 h5 10.
Ng5 Bh6 11. Be2 Ng8 12. Qd2 f6 13. Nf3 Bxe3 14. Qxe3 Bd7 15. b3 Kf8 16. Nd2 Kg7 17.
a3 Nh6 18. O-O Qe8 19. b4 Nb7 20. Nb5 Rc8 21. Nb3 a4 22. Nd2 f5 23. f4 exf4 24.
Qxf4 Rf8 25. Bd3 Qe5 26. Qxe5+ dxe5 27. Rac1 Nd6 28. Nc3 c5 0-1

[Event "*** Titled Tuesday Blitz"]
[Site "Chess.com"]
[Date "2020.05.12"]
[Round "3"]
[White "levallem"]
[Black "Keks2017"]
[Result "1/2-1/2"]
[WhiteElo "2129"]
[BlackElo "2465"]
[TimeControl "180+1"]
[EndTime "10:27:55 PDT"]
[Termination "Game drawn by repetition"]

1. d4 d6 2. c4 e5 3. dxe5 dxe5 4.
Qxd8+ Kxd8 5. b3 f6 6. Bb2 Nd7 7. Nc3 c6 8. O-O-O Kc7 9. Nf3 Nh6 10. h3 Nf7 11. e3 Be7 12. Be2 Nc5 13. Rd2 a5 14. g4 Be6 15. Kc2 Rad8 16. Rhd1 Rxd2+ 17. Nxd2 h5 18. Nde4 Nxe4 19. Nxe4 hxg4 20. hxg4 Rh2 21.
Rd2 Nd6 22. Nxd6 Bxd6 23. f3 Bc5 24. Kd3 Bf7 25. Bd1 Bg6+ 26. e4 Rh1 27. Bc3 b6 28.
Kc2 Be3 29. Re2 Bf4 30. Rg2 Bf7 31. Bd2 Bxd2 32. Kxd2 g5 33. Kc2 Be6 34. Be2 Kd6 35. Rf2 Kc5 36. Bf1 Kd4 37. Rd2+ Ke3 38. Be2 Rh2 39. Kd1 b5 40. cxb5 cxb5 41. Rd3+ Kf4 42.
Rd6 Ke3 43. Rd3+ Kf4 44. Rd6 Ke3 45. Rd3+ 1/2-1/2

[Event "*** Titled Tuesday Blitz"]
[Site "Chess.com"]
[Date "2020.05.12"]
[Round "3"]
[White "Borsuk_Konstantin"]
[Black "Msb2"]
[Result "0-1"]
[WhiteElo "2650"]
[BlackElo "2909"]
[TimeControl "180+1"]
[EndTime "10:27:56 PDT"]
[Termination "Msb2 won on time"]

1. d4 Nf6 2. c4 e6 3. Nc3 Bb4 4.
Qc2 d5 5. cxd5 exd5 6. Bg5 h6 7. Bh4 g5 8. Bg3 Nc6 9. e3 h5 10. Bd3 h4 11. Be5 Nxe5 12. dxe5 Nd7 13. a3 Bxc3+ 14.
Qxc3 Rh6 15. f4 Nf8 16. Nf3 gxf4 17. exf4 Bg4 18. Nd4 h3 19. g3 Qd7 20. O-O O-O-O 21. f5 Qe7 22. Rae1 Kb8 23. Rf4 Qg5 24. b4 Re8 25.
Bb5 c6 26. Bxc6 bxc6 27. Nxc6+ Kb7 28. Na5+ Ka8 29. e6 Qe7 30. Qc6+ Kb8 31. Rxg4 fxe6 32. fxe6 Rxe6 33. Rxe6 Nxe6 34. Rg6 Nd4 0-1